Map: Frozen Temple

Players

blackxored - Winner!

  • Race: Zerg Zerg
  • League: Diamond

Cojones

  • Race: Terran Terran
  • League: Platinum

VOD

Have the link to the VOD?

Description

Time

  • Played on: July 2, 2016, 2:31 a.m.
  • Length: 5:45
Show
View Real Time Build Order
Export as new Build Order

blackxored Zerg - Winner!

Build Orders: Pool First, Zergling Baneling 

Get SALT Encoding   

  12  0:01  Drone  
  13  0:09  Drone  
  14  0:16  Extractor  
  14  0:18  Drone  
  14  0:33  Spawning Pool  
  14  0:35  Drone  
  14  0:42  Extractor  
  13  0:43  Drone  
  15  0:51  Overlord  
  15  1:16  Drone x3  
  18  1:21  Queen  
  20  1:28  Metabolic Boost  
  20  1:36  Zergling x2  
  21  1:42  Zergling x2  
  22  1:49  Overlord  
  22  2:08  Baneling Nest  
  21  2:09  Drone  
  21  2:12  Drone  
  23  2:32  Hatchery  
  22  2:38  Zergling x6  
  22  2:39  Zergling x2  
  26  2:51  Zergling x2  
  26  2:56  Zergling x2  
  28  3:05  Overlord  
  28  3:14  Zergling x4  
  30  3:27  Evolution Chamber  
  29  3:37  Zergling x10  
  34  3:48  Queen  
  36  3:49  Zergling x4  
  36  3:50  Zergling x2  
  37  4:14  Zergling x12  
  39  4:25  Zergling x4  
  39  4:27  Baneling x12  
  39  4:29  Zergling x2  
  37  4:57  Zergling x10  
  35  5:25  Zergling x10  
  39  5:31  Drone  
Show
View Real Time Build Order
Export as new Build Order

Cojones Terran 

Build Orders:  

Get SALT Encoding   

  12  0:01  SCV  
  13  0:13  SCV  
  14  0:19  Supply Depot  
  14  0:25  SCV  
  15  0:40  SCV  
  16  0:45  Barracks  
  16  0:53  SCV  
  16  0:56  Engineering Bay  
  17  1:05  SCV  
  18  1:11  Barracks  
  18  1:17  SCV  
  19  1:29  SCV  
  20  1:35  Refinery  
  20  1:37  Marine  
  20  1:39  Refinery  
  21  1:45  Supply Depot  
  21  1:53  Orbital Command  
  21  1:58  Marine  
  21  2:00  Marine  
  23  2:26  SCV  
  23  2:27  Command Center  
  24  2:36  Factory  
  24  2:45  Barracks Tech Lab  
  24  2:49  Supply Depot  
  24  2:52  Marine  
  24  2:55  SCV  
  26  3:07  SCV  
  27  3:16  Marine  
  27  3:17  Barracks Tech Lab  
  27  3:19  SCV  
  29  3:25  Supply Depot  
  29  3:31  Siege Tank  
  32  3:36  Marine  
  32  3:37  Marine  
  32  3:39  Starport  
  34  3:47  Orbital Command  
  34  3:50  SCV  
  35  4:13  Barracks Tech Lab  
  34  4:19  Medivac, Widow Mine, Orbital Command  
  34  4:21  Barracks  
  38  4:24  Marine  
  38  4:28  Engineering Bay, SCV  
  40  4:33  Concussive Shells  
  40  4:42  Marine  
  35  5:10  Missile Turret  
  19  5:31  Missile Turret  
Tags
 
Add a new tag
Caveats
  • Supply blocks, unpowered buildings, or Contaminate may cause inaccurate times.
  • Supply counts are checked every 10 seconds.